cohdb
Replays
Latest Replays
All Replays
Popular Replays
Top Player Replays
Match Explorer
How It Works
Community
CoH3 Stats
Reddit
Sign in to upload your games and track your stats! →
Sign in with Steam
Match 45889624
Unlisted
Match 45889624
Overview
Messages
Build Orders
End
Engineer Squad
Construct Weapon Support Center
M1919 Machine Gun Team
Bazooka Squad
M1919 Machine Gun Team
Mechanized Support Center
M3 Armored Personnel Carrier
Mortar Pit
Selects Heavy Weapons
Selects Assault Carriers
Selects Exchangeable Parts
.30 cal Machine Gun
Forward Retreat Point
M3 Assault Carrier
Designate Forward Repair Station
Selects M2HB .50cal Heavy Machine Gun
Guh
WEI
Cpt Darling
jwalker987
Geoffrey Bisol
Obsidian sand
Twixcy
懒白糖酱Qwq
0
0
Comments
sign in to comment!
No comments posted yet!